 Dungeon Crawl Stone Soup version 0.19-a0-1922-g1e9a4c1 (webtiles) character file.

6664 Zenonira the Cleaver (level 11, -4/75 HPs)
             Began as a Formicid Fighter on Oct 25, 2016.
             Was a High Priest of Cheibriados.
             Slain by an orc warrior
             ... wielding a +0 halberd
              (19 damage)
             ... on level 9 of the Dungeon.
             The game lasted 00:21:19 (10110 turns).

Zenonira the Cleaver (Formicid Fighter)            Turns: 10110, Time: 00:21:22

Health: -4/75      AC: 13    Str: 34    XL:     11   Next: 22%
Magic:  17/17      EV: 10    Int: 19    God:    Cheibriados [*****.]
Gold:   453        SH: 14    Dex: 25    Spells: 0 memorised, 10 levels left

rFire  . . .     SeeInvis +     q - +0 battleaxe
rCold  + . .     Gourm    .     B - +1 scale mail {rC+}
rNeg   . . .     Faith    .     c - +0 shield
rPois  .         Spirit   .     (helmet unavailable)
rElec  .         Reflect  .     r - +2 cloak
rCorr  .         Harm     .     v - +0 pair of gloves
MR     +....                    J - +0 pair of boots (curse)
Stlth  ++........               (no amulet)
                                s - ring of flight
                                p - ring of stealth

@: very slow
A: permanent stasis, dig shafts and tunnels, four strong arms, antennae 3,
mutation resistance 1
a: Dig, Shaft Self, Bend Time, Temporal Distortion, Slouch, Step From Time,
Renounce Religion, Evoke Flight


You were on level 9 of the Dungeon.
You worshipped Cheibriados.
Cheibriados was extremely pleased with you.
You were not hungry.

You visited 2 branches of the dungeon, and saw 10 of its levels.
You also visited: Ossuary and Bailey.

You collected 453 gold pieces.

Inventory:

Hand Weapons
 a - a +1 war axe
 q - a +0 battleaxe (weapon)
 C - a +0 broad axe
Missiles
 u - 8 tomahawks (quivered)
Armour
 c - a +0 shield (worn)
 r - a +2 cloak (worn)
 v - a +0 pair of gloves (worn)
 B - a +1 scale mail of cold resistance (worn)
 J - a cursed +0 pair of boots (worn)
Jewellery
 p - a ring of stealth (left hand)
 s - a ring of flight (right hand)
Wands
 m - a wand of flame (28/48)
 n - a wand of flame (34/48)
 y - a wand of polymorph (24/24)
Scrolls
 l - 7 scrolls of enchant weapon
 o - 4 scrolls of magic mapping
 w - 3 scrolls of amnesia
 F - 3 scrolls of fear
 G - 2 scrolls of remove curse
Potions
 d - a potion of might
 e - 4 potions of cancellation
 h - a potion of invisibility
 i - a potion of resistance
 k - a potion of flight
 t - a potion of magic
 x - a potion of ambrosia {unknown}
 A - a potion of agility
 D - a potion of lignification
 H - a potion of brilliance
 K - a potion of cure mutation
 L - a potion of heal wounds
Books
 z - a book of Cantrips

   Spells                             Type                      Level
   a - Confusing Touch                Hexes                        1
   b - Animate Skeleton               Necromancy                   1
   c - Summon Small Mammal            Summoning                    1
   d - Apportation                    Translocation                1
 E - a book of Misfortune

   Spells                             Type                      Level
   a - Confusing Touch                Hexes                        1
   b - Confuse                        Hexes                        3
   c - Gell's Gravitas                Hexes/Translocation          3
   d - Petrify                        Transmutation/Earth          4
   e - Metabolic Englaciation         Hexes/Ice                    5
   f - Yara's Violent Unravelling     Hexes/Transmutation          5
Comestibles
 b - 26 fruits
 f - 3 bread rations
 g - 5 meat rations
 j - a beef jerky
 I - a slice of pizza


   Skills:
 - Level 3.2 Fighting
 + Level 12.7 Axes
 - Level 3.2 Armour
 - Level 9.1 Shields
 + Level 8.9 Invocations


You had 10 spell levels left.
You didn't know any spells.

Dungeon Overview and Level Annotations

Branches:
Dungeon (9/15)             Temple (1/1) D:6
   Lair: D:8-11         Orc: D:9-12

Altars:
Ashenzari
Cheibriados
Dithmenos
Elyvilon
Fedhas
Gozag
Hepliaklqana
Kikubaaqudgha
Makhleb
Nemelex Xobeh
Okawaru
Qazlal
Ru
Sif Muna
Trog
Uskayaw
Vehumet
Xom
Yredelemnul
Zin
The Shining One

Annotations:
D:5 1 exclusion
D:9 Psyche


Innate Abilities, Weirdness & Mutations

You are under a permanent stasis effect.
You can dig through walls and to a lower floor.
Your four strong arms can wield two-handed weapons with a shield.
You have a pair of large antennae on your head. (SInv)
You are somewhat resistant to further mutation.


Message History

You slash the orc!
You kill the orc!
Cheibriados thoroughly appreciates the change of pace.
You block the orc warrior's attack.
An orc warrior comes into view. It is wielding a flail.
You barely miss the orc warrior.
The orc warrior is severely wounded.
The orc warrior shouts!
You block the orc warrior's attack.
You hit the orc warrior.
The orc warrior is almost dead.
You block the orc warrior's attack. x2
An orc wizard comes into view. It is wielding a dagger of draining.
The orc wizard shouts!
You slash the orc warrior!
You kill the orc warrior!
Cheibriados thoroughly appreciates the change of pace.
The orc wizard moves out of view.
The orc warrior hits you from afar with a halberd!!
You die...

#.........
#.#.#.#.### #.
#.#.###.# # #.
#.#.....# #. #.
#.#..#### #.##.
#.#...# #....
#....<# ...
###.#.#
#.#######....#
#)@........###
..oooo)).......##
..!o############
... .


You could see 2 orc warriors and 3 orcs.

Vanquished Creatures
  The ghost of Zenonira the Cleaver, a novice FoFi of Cheibriados (Bailey)
  A cyclops (D:7)
  The ghost of wazuzu the Cleaver, an amateur DDBe of Trog (Ossuary)
  Sigmund (D:6)
  Grum (D:8)
  Duvessa (D:6)
  2 black bears
  7 orc warriors
  2 ice beasts (D:7)
  A phantom (D:8)
  A sky beast (D:5)
  A necrophage (D:8)
  3 ogres
  2 wolves (D:8)
  3 centaurs
  An elf zombie (Ossuary)
  A bullfrog (D:9)
  4 big kobolds
  Blork the orc (D:4)
  A wyvern zombie (D:7)
  Dowan (D:6)
  A scorpion (D:4)
  A wyvern skeleton (D:6)
  3 killer bees (D:7)
  5 wights (D:7)
  4 bullfrog zombies
  A human zombie (Ossuary)
  3 jellies
  7 crimson imps
  6 orc priests
  5 hounds
  A centaur skeleton (D:6)
  2 bullfrog skeletons
  Terence (D:3)
  Jessica (D:2)
  2 iguanas
  Natasha (D:2)
  18 orc wizards
  4 worker ants
  A killer bee zombie (D:9)
  3 hound zombies
  3 mummies (Ossuary)
  A worker ant zombie (D:7)
  Robin (D:2)
  7 gnolls
  10 adders
  4 shadow imps
  3 oozes
  4 adder zombies
  3 adder skeletons (D:4)
  4 worms
  3 dart slugs
  5 leopard geckos
  58 orcs
  3 ball pythons
  13 bats
  7 giant cockroaches
  10 goblins
  11 hobgoblins
  11 jackals
  24 kobolds
  5 quokkas
  3 frilled lizards
  7 goblin zombies
  2 hobgoblin zombies (Ossuary)
  3 kobold zombies (Ossuary)
  An orc zombie (Ossuary)
  2 quokka skeletons
  2 quokka zombies (Ossuary)
  5 rats
322 creatures vanquished.

Notes
Turn   | Place    | Note
-------+----------+-------------------------------------------
     0 | D:1      | Zenonira the Formicid Fighter began the quest for the Orb.
     0 | D:1      | Reached XP level 1. HP: 18/18 MP: 1/1
     7 | D:1      | Noticed an electric eel
    80 | D:1      | Reached XP level 2. HP: 24/24 MP: 2/2
   345 | D:1      | Reached XP level 3. HP: 28/29 MP: 3/3
   696 | D:2      | Reached skill level 3 in Axes
   864 | D:2      | Reached XP level 4. HP: 34/35 MP: 4/4
   866 | D:2      | Noticed Robin
   874 | D:2      | Killed Robin
  1301 | D:2      | Noticed Natasha
  1311 | D:2      | Killed Natasha
  1311 | D:2      | Reached skill level 5 in Shields
  1317 | D:2      | Reached XP level 5. HP: 19/41 MP: 5/5
  1793 | D:2      | Noticed Jessica
  2216 | D:2      | Reached skill level 4 in Axes
  2623 | D:2      | Killed Jessica
  2754 | D:2      | Reached XP level 6. HP: 45/47 MP: 6/6
  2831 | D:3      | Found a faded altar of an unknown god.
  2954 | D:3      | Found an opulent altar of Gozag.
  3683 | D:3      | Noticed Terence
  3706 | D:3      | Killed Terence
  3706 | D:3      | Reached XP level 7. HP: 23/52 MP: 7/7
  4032 | D:4      | Reached skill level 5 in Axes
  4733 | D:4      | Noticed Blork the orc
  4748 | D:4      | Killed Blork the orc
  4748 | D:4      | Reached skill level 6 in Axes
  4748 | D:4      | Reached XP level 8. HP: 47/58 MP: 8/8
  4905 | D:5      | Entered Level 5 of the Dungeon
  4905 | D:5      | Found a bloodstained altar of Trog.
  5057 | D:5      | Found a sand-covered staircase.
  5072 | Ossuary  | Entered an ossuary
  5128 | Ossuary  | Noticed wazuzu's ghost (amateur DDBe)
  5162 | Ossuary  | Killed wazuzu's ghost
  5162 | Ossuary  | Reached skill level 7 in Axes
  5656 | D:5      | Reached skill level 8 in Axes
  5656 | D:5      | Reached XP level 9. HP: 62/64 MP: 9/9
  5751 | D:5      | Gained mutation: You are somewhat resistant to further mutation. [potion of beneficial mutation]
  6140 | D:6      | Reached skill level 9 in Axes
  6148 | D:6      | Found a staircase to the Ecumenical Temple.
  6393 | Temple   | Entered the Ecumenical Temple
  6530 | Temple   | Became a worshipper of Cheibriados the Contemplative
  6658 | D:6      | Noticed Sigmund
  6661 | D:6      | Noticed Duvessa
  6670 | D:6      | Noticed Dowan
  6681 | D:6      | Killed Sigmund
  6681 | D:6      | Killed Duvessa
  6681 | D:6      | Reached skill level 10 in Axes
  6696 | D:6      | Killed Dowan
  7001 | D:6      | Reached * piety under Cheibriados
  7351 | D:6      | Found a blossoming altar of Fedhas.
  7356 | D:6      | Found a stormy altar of Qazlal.
  7361 | D:6      | Found a radiant altar of Vehumet.
  7366 | D:6      | Found a glowing golden altar of the Shining One.
  7670 | D:7      | Reached skill level 1 in Invocations
  7686 | D:7      | Reached XP level 10. HP: 27/70 MP: 9/11
  7863 | D:7      | Noticed a cyclops
  7879 | D:7      | Killed a cyclops
  7879 | D:7      | Reached skill level 11 in Axes
  7944 | D:7      | Reached ** piety under Cheibriados
  8036 | D:7      | Reached skill level 5 in Invocations
  8118 | D:7      | Reached *** piety under Cheibriados
  8138 | D:7      | Found a flagged portal.
  8147 | Bailey   | Entered a bailey
  8329 | Bailey   | Noticed Zenonira's ghost (novice FoFi)
  8355 | Bailey   | Killed Zenonira's ghost
  8555 | Bailey   | Noticed an orc knight
  8721 | D:7      | Reached skill level 12 in Axes
  9054 | D:8      | Reached **** piety under Cheibriados
  9246 | D:8      | Reached XP level 11. HP: 69/75 MP: 16/16
  9592 | D:9      | Found an opulent altar of Gozag.
  9592 | D:9      | Noticed Grum
  9592 | D:9      | Noticed Psyche
  9598 | D:8      | Killed Grum
  9686 | D:9      | Reached ***** piety under Cheibriados
 10057 | D:9      | Noticed a centaur warrior
 10110 | D:9      | Slain by an orc warrior

Vault maps used:
D:1:      arrival_aquarium_a
D:2:      uniq_natasha, uniq_jessica, uniq_robin
D:3:      lemuel_coloured_pillars_altar, ecumenical_altar_2, uniq_terence
D:4:      first_bread, uniq_blork_the_orc
D:5:      minmay_diamond_boxcup, enter_ossuary_4, serial_glass, glass_columns_b,
          glass_columns_a, trog_butcher_becter, uniq_crazy_yiuf_cottage
D:6:      grunt_temple_overflow_cloverleaf, uniq_duvessa, uniq_sigmund
D:7:      enter_bailey_2
D:8:      blue_anna_alchemist
D:9:      david_orc_4, nicolae_gozag_cash_rules_everything_around_me, uniq_grum,
          uniq_psyche
Temple:   minmay_temple_bridge_d
Ossuary:  ossuary_minmay_chase
Bailey:   bailey_polearm_1, bailey

Skill      XL: |  1  2  3  4  5  6  7  8  9 10 11 |
---------------+----------------------------------+-----
Shields        | 4 5 6 7 9 |  9.1
Axes           | 3 4 6 8 10 12 | 12.7
Invocations    | 1 7 8 |  8.9
Fighting       | |  3.2
Armour         | |  3.2

Action                   |  1- 3 |  4- 6 |  7- 9 | 10-12 || total
-------------------------+-------+-------+-------+-------++-------
Melee: War axe           |    94 |   203 |   149 |       ||   446
       Unarmed           |       |    19 |       |       ||    19
       Broad axe         |       |       |   248 |       ||   248
       Battleaxe         |       |       |    44 |   349 ||   393
 Abil: Dig               |       |     5 |     1 |     1 ||     7
  Use: Scroll            |       |       |    24 |     4 ||    28
       Potion            |       |       |     2 |     7 ||     9
 Stab: Sleeping          |       |       |       |     3 ||     3
  Eat: Chunk             |       |    10 |    12 |     1 ||    23
       Bread ration      |       |       |       |     1 ||     1
Armor: Scale mail        |    40 |    80 |   140 |   108 ||   368
Dodge: Dodged            |    30 |    79 |   136 |   115 ||   360
Block: Shield            |    46 |   111 |   274 |   270 ||   701
